 Dungeon Crawl Stone Soup version 0.26-a0-520-g952f204493 (webtiles) character file.

Game seed: 15658213145395013346

1564 MrRokkomies the Stinger (level 8, -4/57 HPs)
             Began as a Demigod Venom Mage on Aug 12, 2020.
             Slain by a wight
             ... wielding a cursed +5 long sword
              (11 damage)
             ... on level 6 of the Dungeon.
             The game lasted 00:15:07 (7484 turns).

MrRokkomies the Stinger (Demigod Venom Mage)        Turns: 7484, Time: 00:15:08

Health: -4/57      AC:  4    Str: 11    XL:     8   Next: 33%
Magic:  17/17      EV: 16    Int: 25    God:
Gold:   362        SH:  0    Dex: 18    Spells: 9/15 levels left

rFire    . . .     SeeInvis .   a - +2 flail (venom)
rCold    + + .     Faith    .   (no shield)
rNeg     . . .     Spirit   .   v - +1 robe of Happiness {rC++ MR- Int+2 Dex+2}
rPois    .         Reflect  .   h - +0 helmet
rElec    .         Harm     .   (no cloak)
rCorr    .                      (no gloves)
MR       +....                  (no boots)
Stlth    ++........             (no amulet)
HPRegen  0.19/turn              k - ring of protection from magic
MPRegen  0.15/turn              g - ring of protection from magic

@: lightly drained
A: high mp 1
a: no special abilities


You were on level 6 of the Dungeon.
You visited 1 branch of the dungeon, and saw 6 of its levels.

You collected 362 gold pieces.

Inventory:

Hand Weapons
 a - a +2 flail of venom (weapon)
 b - a +0 hunting sling
 d - a +0 mace
 f - a +0 war axe of draining
Missiles
 i - 8 poisoned darts (quivered)
 j - 32 sling bullets
 l - 197 stones
 u - 4 silver javelins
Armour
 h - a +0 helmet (worn)
 v - the +1 robe of Happiness (worn) {rC++ MR- Int+2 Dex+2}
   (You found it on level 4 of the Dungeon)

   It affects your intelligence (+2).
   It affects your dexterity (+2).
   It greatly protects you from cold.
   It affects your resistance to hostile enchantments.
Magical Staves
 c - an uncursed staff of air
Jewellery
 g - a ring of protection from magic (right hand)
 k - a ring of protection from magic (left hand)
Wands
 r - a wand of iceblast (9)
 t - a wand of random effects (8)
Scrolls
 m - a scroll of blinking
 n - 9 scrolls of identify
 o - 3 scrolls of remove curse
Potions
 e - a potion of brilliance
 p - 3 potions of curing
 q - 2 potions of heal wounds
 s - a potion of invisibility
 w - a potion of flight {unknown}


   Skills:
 * Level 5.9(5.4) Dodging
 - Level 1.7(1.2) Stealth
 + Level 4.0(3.5) Spellcasting
 + Level 3.9(3.4) Transmutations
 * Level 6.3(5.8) Poison Magic


You had 9 spell levels left.
You knew the following spells:

 Your Spells              Type           Power        Failure   Level
a - Sting                 Tmut/Pois      ####         1%          1
b - Poisonous Vapours     Pois/Air       ###...       4%          2
c - Mephitic Cloud        Conj/Pois/Air  ##......     13%         3

Your spell library contained the following spells:

 Spells                   Type           Power        Failure   Level
 Ignite Poison            Fire/Tmut/Pois ###.....     9%          3
 Olgreb's Toxic Radiance  Pois           ####....     9%          4


Dungeon Overview and Level Annotations

Branches:
Dungeon (6/15)             Temple (0/1) D:6


Innate Abilities, Weirdness & Mutations

You have an increased reservoir of magic. (+10% MP)


Message History

You are too injured to fight recklessly!
You are too injured to fight recklessly!
You are too injured to fight recklessly!
You barely miss the wight.
The wight is moderately damaged.
The wight completely misses you.
You hit the wight.
The wight is heavily damaged.
The wight hits you with a cursed +5 long sword.
You closely miss the wight.
The wight is heavily damaged.
The wight hits you with a cursed +5 long sword!
* * * LOW HITPOINT WARNING * * *
You feel drained.
* * * LOW HITPOINT WARNING * * *
You hit the wight.
The wight is severely damaged.
The wight misses you.
The wight hits you with a cursed +5 long sword!
You die...

##.#########
...........#
######.##.# #.##.#
#### ########.##.#
#.. ..........#.#
#.#
########..#.#####.##
#...#.@zz((.(##
#.#.#######..(#
#.#.# #†#.......
#.#.. ........##.
#.#### ###.######
#.# #.# #.# #<# #.#
#.# #.# #$#


You could see 2 wights.

Vanquished Creatures
  Sigmund (D:2)
  A phantom (D:4)
  An ice beast (D:6)
  2 ogres
  A centaur (D:6)
  2 bullfrogs (D:6)
  A scorpion (D:5)
  3 wights (D:6)
  4 hounds
  4 orc priests
  3 orc wizards
  2 iguanas
  2 worker ants
  A worker ant zombie (D:6)
  4 gnolls (D:2)
  7 adders
  4 shadow imps
  2 ufetubi
  3 dart slugs
  2 leopard geckos
  13 orcs
  5 giant cockroaches
  5 goblins
  5 hobgoblins
  11 jackals
  A ball python (D:1)
  3 bats (D:1)
  9 frilled lizards
  A kobold (D:2)
  10 rats
113 creatures vanquished.

Notes
Turn   | Place    | Note
-------+----------+-------------------------------------------
     0 | D:1      | MrRokkomies the Demigod Venom Mage began the quest for the
                  | Orb.
     0 | D:1      | Reached XP level 1. HP: 14/14 MP: 5/5
    78 | D:1      | Reached skill level 1 in Transmutations
   221 | D:1      | Reached XP level 2. HP: 20/20 MP: 7/7
   227 | D:1      | Learned a level 2 spell: Poisonous Vapours
   317 | D:1      | Reached skill level 3 in Poison Magic
  1404 | D:2      | Noticed Sigmund
  1477 | D:3      | Reached XP level 3. HP: 17/26 MP: 5/8
  1775 | D:3      | Reached XP level 4. HP: 9/33 MP: 0/10
  2501 | D:2      | Learned a level 3 spell: Mephitic Cloud
  2636 | D:2      | Reached XP level 5. HP: 8/38 MP: 2/11
  2646 | D:2      | Killed Sigmund
  2646 | D:2      | Reached skill level 4 in Poison Magic
  2646 | D:2      | Reached XP level 6. HP: 11/45 MP: 3/13
  3451 | D:4      | Found a transporter.
  4186 | D:4      | Found a transporter.
  4204 | D:4      | Reached XP level 7. HP: 46/50 MP: 14/14
  4368 | D:4      | Reached skill level 5 in Poison Magic
  4583 | D:4      | Got a warped robe
  4595 | D:4      | Identified the +1 robe of Happiness {rC++ MR- Int+2 Dex+2}
                  | (You found it on level 4 of the Dungeon)
  4682 | D:5      | Entered Level 5 of the Dungeon
  4689 | D:5      | Found Peokleb's Weapon Boutique.
  6181 | D:5      | Reached skill level 5 in Dodging
  6928 | D:6      | Found a staircase to the Ecumenical Temple.
  7071 | D:6      | Reached XP level 8. HP: 17/57 MP: 17/17
  7310 | D:6      | Reached skill level 6 in Poison Magic
  7484 | D:6      | Slain by a wight

Illustrated notes

Levels and vault maps discovered:
D:1:      mainiacjoe_arrival_reflecting_pool, layout_loops_ring,
          hangedman_decor_slide_cut
D:2:      layout_basic, uniq_sigmund
D:3:      layout_rooms
D:4:      gammafunk_wand_slinger, layout_basic
D:5:      wad_lake_hut, layout_basic, serial_shops, shop_statue
D:6:      layout_loops_ring, minmay_temple_entry_butterflies

Skill      XL: |  1  2  3  4  5  6  7  8 |
---------------+-------------------------+-----
Transmutations | 1 2 3 |  3.9
Dodging        | 2 3 4 5 |  5.9
Poison Magic   | 3 4 5 6 |  6.3
Spellcasting   | 2 3 4 |  4.0
Stealth        | |  1.7

Action                   |  1- 3 |  4- 6 |  7- 9 || total
-------------------------+-------+-------+-------++-------
Melee: Mace              |    70 |       |       ||    70
       Dagger            |     6 |       |       ||     6
       Flail             |     1 |   101 |   141 ||   243
 Fire: Hunting sling     |       |     9 |    18 ||    27
Throw: Dart              |     1 |    10 |     1 ||    12
 Cast: Sting             |    16 |     8 |    23 ||    47
       Poisonous Vapours |     3 |     9 |    13 ||    25
Evoke: Wand              |       |       |     1 ||     1
  Use: Scroll            |     5 |     3 |     3 ||    11
       Potion            |     2 |     1 |     1 ||     4
 Stab: Sleeping          |     7 |     2 |     7 ||    16
Armor: Robe              |    19 |       |    19 ||    38
       Leather armour    |       |    18 |       ||    18
       Scale mail        |       |     2 |       ||     2
       Ring mail         |       |    23 |     4 ||    27
Dodge: Dodged            |    76 |    84 |   134 ||   294

Table legend: (Time is in decaauts)
 A = Elapsed time spent in this place.
 B = Non-inter-level travel time spent in this place.
 C = Inter-level travel time spent in this place.
 D = Time resting spent in this place.
 E = Time spent auto-exploring this place.
 F = Levels seen in this place.
 G = Mean time per level.
                   A        B        C        D        E       F      G
               +--------+--------+--------+--------+--------+-----+--------+
         Total |   7638 |   7451 |    187 |   1914 |   4337 |   6 | 1273.0 |
       Dungeon |   7638 |   7451 |    187 |   1914 |   4337 |   6 | 1273.0 |
               +--------+--------+--------+--------+--------+-----+--------+

Top non-repeatable levels by time:
     D:5: 1994 daAuts
     D:4: 1309 daAuts
     D:2: 1291 daAuts
     D:1: 1275 daAuts
     D:6: 886 daAuts
     D:3: 881 daAuts
